 Dungeon Crawl Stone Soup version 0.27-a0-1220-g54dba09ff7 (webtiles) character file.

Game seed: 15050524597879587385

495 DeathSun the Basher (level 6, -13/52 HPs)
             Began as a Minotaur Berserker on June 7, 2021.
             Was a Priest of Trog.
             Mangled by a hornet (15 damage)
             ... while paralysed by a hornet
             ... on level 4 of the Dungeon.
             The game lasted 00:08:32 (4591 turns).

DeathSun the Basher (Minotaur Berserker)            Turns: 4591, Time: 00:08:33

Health: -13/52     AC:  6    Str: 24    XL:     6   Next: 92%
Magic:  5/5        EV:  2    Int:  4    God:    Trog [***...]
Gold:   132        SH:  0    Dex:  9    Spells: 5/5 levels left

rFire    . . .     SeeInvis .   k - +0 flail
rCold    . . .     Faith    .   (no shield)
rNeg     . . .     Spirit   .   f - +0 ring mail
rPois    .         Reflect  .   (helmet restricted)
rElec    .         Harm     .   (no cloak)
rCorr    .         Rampage  .   t - +0 pair of gloves
Will     ++...                  (no boots)
Stlth    ..........             (no amulet)
HPRegen  1.17/turn              (no ring)
MPRegen  0.09/turn              (no ring)

@: paralysed, lethally poisoned (-13 -> -14), strong-willed, regenerating,
slowed
A: horns 2, retaliatory headbutt
a: Renounce Religion, Berserk, Trog's Hand


You were on level 4 of the Dungeon.
You worshipped Trog.
Trog was most pleased with you.
You visited 1 branch of the dungeon, and saw 5 of its levels.

You collected 132 gold pieces.

Inventory:

Hand Weapons
 a - a +0 mace
 k - a +0 flail (weapon)
Armour
 b - a +0 animal skin
 f - a +0 ring mail (worn)
 t - a +0 pair of gloves (worn)
Jewellery
 h - a ring of resist corrosion
 m - an amulet of faith
 s - a ring of protection from fire
Scrolls
 d - a scroll of fog {unknown}
 g - 2 scrolls of teleportation {unknown}
 i - 6 scrolls of identify {unknown}
 q - a scroll of amnesia {unknown}
 u - a scroll of enchant armour {unknown}
 v - a scroll of silence {unknown}
 w - a scroll of enchant weapon {unknown}
Potions
 c - a potion of ambrosia {unknown}
 e - a potion of heal wounds
 j - 3 potions of haste {unknown}
 l - a potion of invisibility {unknown}
 n - a potion of cancellation {unknown}
 o - a potion of resistance
 p - a potion of mutation {unknown}
 r - a potion of might {unknown}


   Skills:
 + Level 4.0 Fighting
 * Level 9.3 Maces & Flails
 - Level 2.4 Armour
 - Level 2.1 Dodging


You had 5 spell levels left.
You didn't know any spells.
Your spell library was empty.

Dungeon Overview and Level Annotations

Branches:
Dungeon (5/15)
 Temple: D:4-7

Altars:
Okawaru
Wu Jian
Yredelemnul


Innate Abilities, Weirdness & Mutations

You have a pair of horns on your head.
You reflexively headbutt those who attack you in melee.


Message History

The hornet barely misses you.
You feel very sick. The hornet stings you.
You feel as though you will be slow longer.
The endoplasm hits you but does no damage.
You feel sick. The hornet stings you!
You are lethally poisoned!
You feel as though you will be slow longer.
The endoplasm hits you but does no damage.
The hornet barely misses you.
You can move again.
* * * LOW HITPOINT WARNING * * *
You feel very sick. The hornet barely misses you.
Unknown command.
Your skin crawls.
You feel strong-willed.
You feel very sick. The hornet stings you.
* * * LOW HITPOINT WARNING * * *
You feel as though you will be slow longer.
The hornet stings you.
* * * LOW HITPOINT WARNING * * *
You feel as though you will be slow longer.
The endoplasm hits you but does no damage.
It was a potion of heal wounds.
You feel much better.
You feel very sick. The hornet closely misses you. The hornet stings you!
* * * LOW HITPOINT WARNING * * *
You suddenly lose the ability to move!
The endoplasm freezes you.
You are frozen.
* * * LOW HITPOINT WARNING * * *
You feel sick. The hornet stings you.
* * * LOW HITPOINT WARNING * * *
You feel as though you will be slow longer.
The endoplasm hits you.
* * * LOW HITPOINT WARNING * * *
The hornet stings you!
You die...

#.# ##.## #.##.K# ## #.#
#.## #.##..#######. #.#
#..# #.##.K.....### #.#
##.# #.##K#####.... ..#
#.# #....# ##P..P ### #.#
###).####P..≈≈ #.#
#>....P..≈≈♣ #. #.#
#..##P..≈≈≈≈ .#...###@#
#..##♣..≈≈≈≈ .......yJ#
#...P...≈≈♣♣
....?.....>.>....P....≈♣♣
!........#####.#####♣..P.
##...###.# #.# ###..
..... ..# #.# #.# ##..
### #.# ## #.# #)#


You could see a hornet and an endoplasm.

Vanquished Creatures
  An ogre (D:5)
  A kobold brigand (D:4)
  Jessica (D:2)
  An iguana (D:5)
  Natasha (thrice) (D:3)
  2 orc wizards
  4 adders
  3 gnolls (D:3)
  2 shadow imps (D:5)
  2 worms
  9 dart slugs
  6 orcs
  6 bats
  5 endoplasms
  2 giant cockroaches
  6 goblins
  3 hobgoblins
  6 jackals
  15 kobolds
  3 quokkas
  4 ball pythons
  2 frilled lizards
  5 rats
92 creatures vanquished.

Vanquished Creatures (others)
  51 plants (D:4)
51 creatures vanquished.

Grand Total: 143 creatures vanquished

Notes
Turn   | Place    | Note
-------+----------+-------------------------------------------
     0 | D:1      | DeathSun the Minotaur Berserker began the quest for the
                  | Orb.
     0 | D:1      | Reached XP level 1. HP: 19/19 MP: 0/0
    58 | D:1      | Reached skill level 4 in Maces & Flails
   130 | D:1      | Reached XP level 2. HP: 26/26 MP: 1/1
   529 | D:1      | Reached skill level 5 in Maces & Flails
   607 | D:1      | Reached ** piety under Trog
   608 | D:1      | Reached XP level 3. HP: 21/31 MP: 2/2
  1003 | D:2      | Found a faded altar of an unknown god.
  1162 | D:2      | Noticed Jessica
  1170 | D:2      | Killed Jessica
  1171 | D:2      | Reached skill level 6 in Maces & Flails
  1171 | D:2      | Reached XP level 4. HP: 21/39 MP: 3/3
  2058 | D:3      | Noticed Natasha
  2059 | D:3      | Killed Natasha
  2060 | D:3      | Reached skill level 7 in Maces & Flails
  2060 | D:3      | Reached XP level 5. HP: 45/45 MP: 4/4
  2227 | D:3      | Noticed Natasha
  2235 | D:3      | Killed Natasha
  2253 | D:3      | Noticed Natasha
  2258 | D:3      | Killed Natasha
  2975 | D:3      | Found a basalt altar of Yredelemnul.
  2978 | D:3      | Found an iron altar of Okawaru.
  3101 | D:3      | Reached *** piety under Trog
  3392 | D:4      | Noticed an ogre
  3430 | D:4      | Reached skill level 8 in Maces & Flails
  3667 | D:4      | Reached XP level 6. HP: 48/51 MP: 5/5
  3895 | D:4      | Found an ornate altar of the Wu Jian Council.
  3985 | D:5      | Entered Level 5 of the Dungeon
  4280 | D:5      | Reached skill level 9 in Maces & Flails
  4581 | D:4      | Noticed a hornet
  4584 | D:4      | Paralysed by a hornet for 3 turns
  4589 | D:4      | HP: 1/52 [hornet (6)]
  4590 | D:4      | Paralysed by a hornet for 2 turns
  4591 | D:4      | Mangled by a hornet

Illustrated notes

Levels and vault maps discovered:
D:1:      lightli_arrival_noodles, layout_basic, hex_intersection,
          chequers_jeans, hex_tiny
D:2:      layout_basic, hellmonk_ecumenical_altar_dog_temple,
          guppyfry_early_orc_mine, uniq_jessica
D:3:      layout_loops_corners, nicolae_overflow_hidden_temple,
          serial_co_window_serial, co_window_corner_a, co_window_paths_a,
          co_window_cross_1, co_window_paths_a, co_window_paths_a,
          co_window_of_opportunity_c, co_window_broadway_a,
          co_window_broadway_c, co_window_of_opportunity_b, co_window_2corner,
          co_window_of_opportunity_b, co_window_corner_cb, co_window_paths_e,
          uniq_natasha
D:4:      kennysheep_kobold_camp, layout_loops_ring, nzn_wu_jian_council_hall,
          chequers_serial_rivers_small_a, serial_bayou_pond_a,
          kennysheep_nondescript
D:5:      layout_basic, kennysheep_mini_moat

Skill      XL: |  1  2  3  4  5  6 |
---------------+-------------------+-----
Maces & Flails | 4 5 6 7 8 9 |  9.3
Fighting       | 4 |  4.0
Armour         | |  2.4
Dodging        | |  2.1

Action                   |  1- 3 |  4- 6 || total
-------------------------+-------+-------++-------
Melee: Mace              |    68 |    13 ||    81
       Headbutt          |    10 |    34 ||    44
       Flail             |       |   154 ||   154
Invok: Berserk           |       |     1 ||     1
       Trog's Hand       |       |     1 ||     1
  Use: Potion            |       |     1 ||     1
Armor: Ring mail         |    27 |    50 ||    77
       Animal skin       |     1 |       ||     1
Dodge: Dodged            |    47 |    95 ||   142

Table legend: (Time is in decaauts)
 A = Elapsed time spent in this place.
 B = Non-inter-level travel time spent in this place.
 C = Inter-level travel time spent in this place.
 D = Time resting spent in this place.
 E = Time spent auto-exploring this place.
 F = Levels seen in this place.
 G = Mean time per level.
                   A        B        C        D        E       F      G
               +--------+--------+--------+--------+--------+-----+--------+
         Total |   4618 |   4462 |    156 |    635 |   3228 |   5 |  923.6 |
       Dungeon |   4618 |   4462 |    156 |    635 |   3228 |   5 |  923.6 |
               +--------+--------+--------+--------+--------+-----+--------+

Top non-repeatable levels by time:
     D:3: 1657 daAuts
     D:2: 1016 daAuts
     D:1: 963 daAuts
     D:5: 582 daAuts
     D:4: 399 daAuts
